[Event "Germany Countries-chT Youth 2022"]
[Site "Wiesbaden"]
[Date "2022.10.03"]
[Round "5"]
[White "Bosselmann, Tom Linus"]
[Black "Hänselmann, Hendrik"]
[Result "1/2-1/2"]
[ECO "E71"]
[WhiteElo "2061"]
[BlackElo "1989"]
[Annotator "TA"]
[PlyCount "87"]
[EventDate "2022.09.28"]
[EventType "team-tourn"]
[EventRounds "7"]
[EventCountry "GER"]
[SourceTitle "playchess.com"]
[Source "ChessBase"]
[SourceQuality "1"]
[TimeControl "40/5400+30:1800+30"]

1. d4 Nf6 2. c4 g6 3. Nc3 Bg7 4. e4 d6 5. h3 O-O 6. Be3 e5 7. d5 Na6 8. g4 {[%emt 0:00:08] E71: King's Indian: 4 e4 d6 5 h3.} Nc5 9. f3 a5 10. Qd2 {[%emt 0:07:52] White is slightly better.} Ne8 (10... c6 $1 $11) 11. h4 $16 f5 12. g5 f4 13. Bf2 Bh8 {[%emt 0:00:52] [#]} 14. Nge2 $146 ({Predecessor:} 14. Bh3 Ng7 15. Bxc5 dxc5 16. O-O-O Bxh3 17. Nxh3 Ne8 18. h5 Nd6 19. Qe2 Bg7 20. h6 {1-0 (95) Elsness,F (2459)-Mihajlov,S (2384) Oslo 2021}) 14... Ng7 15. Nc1 (15. Bxc5 dxc5 16. b3) 15... b6 16. Rg1 Nh5 17. Nd3 Nxd3+ 18. Bxd3 Bd7 19. b3 Rf7 20. a3 Qb8 21. Qd1 Qb7 22. Kd2 Rff8 23. Qc2 Ra7 24. Ra2 Rfa8 25. Rga1 Bg7 26. b4 ({Better is} 26. Rd1 $14) 26... axb4 $11 27. axb4 Bf8 28. Rxa7 Rxa7 29. Rxa7 Qxa7 30. Qa2 Qxa2+ 31. Nxa2 Be7 32. Nc1 (32. c5 $11 dxc5 33. bxc5 bxc5 34. Bc4) 32... h6 $15 33. gxh6 Ng3 34. c5 bxc5 35. bxc5 dxc5 ({Black should play} 35... Kh7 $15) 36. Nb3 $11 Bxh4 {[%emt 0:00:47][%cal Oc5c4] [#] ...c4! is the strong threat.} 37. Nxc5 Bc8 38. Ba6 Bh3 39. Bc4 {[%emt 0:03:41] aiming for d6+.} Kh7 40. Ke1 Kxh6 (40... Be7 $17) 41. Na6 $2 (41. Nd3 $1 $11) 41... Bd8 (41... Bg2 $19 {is more deadly.} 42. Be2 g5 43. Nxc7 g4) 42. Nb8 g5 43. Bd3 {[%emt 0:00:00] [#]} Kg6 (43... Be7 44. Ba7 (44. Nc6 Bd6) 44... Bd6) ({Black should try} 43... Be7 $1 $17 44. Ba7 (44. Nc6 $2 Bd6 $19) 44... Nh1) 44. Nc6 {[%emt 0:00:00][%csl LRd8,LRe5] Weighted Error Value: White=0.23 (precise) /Black=0.18 (very precise)} 1/2-1/2

[Event "Germany Countries-chT Youth 2022"]
[Site "Wiesbaden"]
[Date "2022.10.03"]
[Round "5"]
[White "Koll, Linus"]
[Black "Chassard, Cedric"]
[Result "1/2-1/2"]
[ECO "B20"]
[WhiteElo "2060"]
[BlackElo "2042"]
[Annotator "TA"]
[PlyCount "93"]
[EventDate "2022.09.28"]
[EventType "team-tourn"]
[EventRounds "7"]
[EventCountry "GER"]
[SourceTitle "playchess.com"]
[Source "ChessBase"]
[SourceQuality "1"]
[TimeControl "40/5400+30:1800+30"]

1. e4 c5 2. b3 g6 3. Bb2 Nf6 4. Qf3 d6 5. Bxf6 exf6 {[%emt 0:00:10] [#]} 6. Bb5+ $146 {[%emt 0:00:49] B20: Sicilian: Unusual White 2nd moves.} ({Predecessor:} 6. Nc3 Bg7 7. Bd3 Nc6 8. Qg3 O-O 9. Nge2 Nb4 10. O-O f5 11. Nf4 Nxd3 12. cxd3 fxe4 13. dxe4 {1-0 (36) Reprintsev,A (2321)-Zubarev,A (2556) Lutsk 2016}) 6... Nc6 7. Ne2 Bd7 8. Nbc3 {[%emt 0:08:17] Black has an edge.} a6 9. Bxc6 bxc6 10. Ng3 Bg7 11. O-O O-O 12. Rad1 h5 13. h3 {[%emt 0:12:28] Inhibits Bg4.} h4 14. Nge2 f5 15. d4 cxd4 16. Nxd4 fxe4 17. Nxe4 Qe7 {[%emt 0:01:09] [#] Threatens to win with ...c5.} 18. Nc3 d5 19. Qd3 Qd6 (19... Rfe8) (19... Rfe8 $5 ) 20. Nf3 Bf5 {[%emt 0:03:16] A strong pair of Bishops.} 21. Qd2 Qf6 22. Nd4 Bd7 23. Na4 Qd6 24. Nf3 Qf6 25. Nb6 Rad8 {[%emt 0:00:28][%cal Od7h3] Hoping for ...Bxh3!} 26. Nxd7 Rxd7 27. Qg5 Qxg5 28. Nxg5 Re8 29. Rfe1 {[%emt 0:00:07] Inhibits Re2.} Rde7 30. Kf1 Bf6 31. Nf3 Kf8 32. Rxe7 Rxe7 $11 {[%emt 0:01:42][%mdl 4096] Endgame KRB-KRN} 33. Re1 Re6 34. Rxe6 fxe6 {[%emt 0:00:01] KB-KN} 35. Ke2 Ke7 36. Kd3 e5 {[%emt 0:00:58] ...e4+ is the strong threat.} 37. Nh2 Kd6 38. f3 Bg7 39. Ng4 Kc5 40. c3 a5 41. Ne3 Kb5 42. c4+ Kc5 43. cxd5 cxd5 44. a3 Kc6 45. b4 d4 46. Nc2 Kb5 {[%emt 0:01:27] [#]} (46... axb4 $11 {and Black is okay.} 47. Nxb4+ Kb5) 47. Ke4 $2 {Weighted Error Value: White=0.07 (flawless) /Black=0.17 (very precise)} (47. f4 $1 $18 ) 1/2-1/2

[Event "Germany Countries-chT Youth 2022"]
[Site "Wiesbaden"]
[Date "2022.10.03"]
[Round "5"]
[White "Haubold, Sebastian Marcel"]
[Black "Jaskulski, Jan"]
[Result "1-0"]
[ECO "B88"]
[WhiteElo "2039"]
[BlackElo "1849"]
[Annotator "TA"]
[PlyCount "37"]
[EventDate "2022.09.28"]
[EventType "team-tourn"]
[EventRounds "7"]
[EventCountry "GER"]
[SourceTitle "playchess.com"]
[Source "ChessBase"]
[SourceQuality "1"]
[TimeControl "40/5400+30:1800+30"]

1. e4 c5 2. Nf3 d6 3. d4 cxd4 4. Nxd4 Nf6 5. Nc3 Nc6 6. Bc4 e6 7. Bb3 Be7 8. Be3 a6 9. Qe2 Qc7 10. O-O-O O-O 11. Rhg1 Nxd4 12. Bxd4 b5 {[%emt 0:04:11] B89: Sicilian: Velimirovic Attack.} 13. g4 $1 Nd7 14. g5 $1 {[%emt 0:07:32] Hoping for Qh5.} Nc5 {[%emt 0:11:44] The position is equal.} 15. Qh5 {[%emt 0:14:31][%cal Od4f6] Strongly threatening Bf6!} b4 {[%emt 0:05:03] [#]} (15... Bb7 $1 $11 {keeps the balance.}) 16. Rg3 {[%emt 0:01:22] White is more active.} (16. Qh6 $1 $16 e5 17. Nd5 gxh6 18. Nxc7 (18. gxh6+ Kh8 $16)) 16... Nxb3+ (16... bxc3 $5 17. Rh3 $8 {[#]} Bxg5+ $1 18. Qxg5 f6 $11) 17. axb3 Qa5 $2 {[%emt 0:03:05][%mdl 8192] [#]} (17... bxc3 $11 18. Rh3 Bxg5+ 19. Qxg5 e5 20. Rxc3 Qb7) 18. Nd5 $146 ({Predecessor:} 18. Na4 e5 19. Be3 Be6 20. Kb1 Rab8 21. f4 exf4 22. Bxf4 Rfd8 23. Rgd3 Rb5 24. h4 {½-½ (33) Enjuto Velasco,R-Palacios Perez,M (2160) Torrevieja 1995}) 18... exd5 {[%emt 0:06:56] [#]} (18... Qxd5 19. exd5) 19. Qh6 $3 {[%emt 0:00:09][%mdl 512] Weighted Error Value: White=0.29 (precise) /Black=0.71} 1-0

[Event "Germany Countries-chT Youth 2022"]
[Site "Wiesbaden"]
[Date "2022.10.03"]
[Round "5"]
[White "Kempe, Caius Emilian"]
[Black "Hagner, Bennet"]
[Result "1/2-1/2"]
[ECO "E10"]
[WhiteElo "2030"]
[BlackElo "2253"]
[Annotator "RC"]
[PlyCount "176"]
[EventDate "2022.09.28"]
[EventType "team-tourn"]
[EventRounds "7"]
[EventCountry "GER"]
[SourceTitle "playchess.com"]
[Source "ChessBase"]
[SourceQuality "1"]
[TimeControl "40/5400+30:1800+30"]

1. d4 Nf6 2. c4 e6 3. Nf3 d5 4. cxd5 exd5 5. Bg5 c6 6. Nc3 h6 7. Bh4 Bf5 8. Qb3 g5 9. Bg3 Qb6 10. Nd2 Nbd7 11. e3 Nh5 12. Be2 Nxg3 13. hxg3 Nf6 14. Rc1 O-O-O 15. Na4 Qc7 16. Qc3 Bd6 17. b4 a6 18. Nc5 Bg4 19. a4 Bxe2 20. Kxe2 Qb6 21. Rc2 Kb8 22. Rb1 Rhe8 23. b5 cxb5 24. axb5 axb5 25. Rcb2 Bxc5 26. Rxb5 Bxd4 27. Qb4 Qa6 28. Qxd4 Ne4 29. Nxe4 dxe4 30. Qb6 Qxb6 31. Rxb6 Re7 32. Rxh6 Rd5 33. Rhb6 Rc7 34. R1b2 Rdc5 35. Kd2 Ka7 36. R6b4 Rc4 37. Rb5 f6 38. Ra5+ Kb8 39. Rab5 Rd7+ 40. Ke2 Ka7 41. Ra5+ Kb8 42. Rab5 Rc6 43. R5b4 Re7 44. g4 Ka7 45. Ra4+ Ra6 46. Rd4 Rae6 47. Ra4+ Kb8 48. Rab4 Rh7 49. R2b3 Kc8 50. Rb2 Rhe7 51. Rb5 Kb8 52. R5b4 Rc7 53. Kd2 Rd7+ 54. Ke2 Rde7 55. Rb5 Ka7 56. Ra5+ Ra6 57. Rab5 b6 58. Rf5 Re6 59. Rfb5 Ra5 60. R5b4 Ka6 61. f3 Rc5 62. Ra4+ Kb7 63. Rab4 Ka6 64. Ra4+ Ra5 65. Rab4 Rd5 66. Ra4+ Kb7 67. Rab4 Rc5 68. Kf2 Ka6 69. Ra4+ Ra5 70. Rab4 Ra3 71. Rb5 Rc3 72. R5b4 Ra3 73. Rb5 Rd3 74. R5b4 Rc3 75. Ra4+ Kb7 76. Rab4 Rd3 77. fxe4 Rc3 78. Kf3 Rc5 79. Kf2 Ka6 80. Ra4+ Ra5 81. Rab4 b5 82. Kf3 Kb6 83. Rd4 Kc6 84. Rd5 Kb6 85. Rd4 Ka6 86. Rd5 Rb6 87. e5 b4 88. Rd4 b3 1/2-1/2

[Event "Germany Countries-chT Youth 2022"]
[Site "Wiesbaden"]
[Date "2022.10.03"]
[Round "5"]
[White "Kocharin, Timur"]
[Black "Haubold, Christian Lucas"]
[Result "1-0"]
[ECO "E92"]
[WhiteElo "1971"]
[BlackElo "1888"]
[Annotator "TA"]
[PlyCount "73"]
[EventDate "2022.09.28"]
[EventType "team-tourn"]
[EventRounds "7"]
[EventCountry "GER"]
[SourceTitle "playchess.com"]
[Source "ChessBase"]
[SourceQuality "1"]
[TimeControl "40/5400+30:1800+30"]

1. d4 Nf6 2. c4 g6 3. Nc3 Bg7 4. e4 d6 5. Be2 O-O 6. Nf3 e5 7. dxe5 dxe5 8. Qxd8 Rxd8 9. Bg5 Re8 10. Nd5 Nxd5 11. cxd5 h6 12. Be3 {[%emt 0:02:59] E92: King's Indian: Classical: 6 Be2 e5: 7 dxe5, 7 Be3 and Petrosian System without 7...Nbd7.} f5 (12... c6) (12... c6 $11) 13. Rc1 {[%emt 0:04:33] White is more active.} c6 14. Bc4 {[%emt 0:05:34] Black must now prevent dxc6+. White is slightly better.} Kh7 15. h4 {[%emt 0:23:11][%cal Of3g5,Bh2h4,Bh4g5][%mdl 32] [#]} f4 $146 (15... fxe4 $2 {[#]} 16. Ng5+ $1 hxg5 17. hxg5+ Bh6 18. dxc6 (18. gxh6 Bf5 $16) (18. Rxh6+ Kg7 $18) 18... Nxc6 19. Bf7 $18 (19. Rxh6+ Kg7 $16)) (15... Bf6 $14) ({Predecessor:} 15... fxe4 16. Ng5+ hxg5 17. hxg5+ Kg8 18. dxc6+ Kf8 19. Bc5+ Re7 20. cxb7 Bxb7 21. Bxe7+ Kxe7 22. Rd1 Nc6 23. Rh7 Kf8 24. Rd7 {1-0 (24) Pech,J (899)-Ramos,F (1451) FICGS email 2015}) 16. Ng5+ $1 $16 hxg5 $2 (16... Kh8 $16) 17. hxg5+ $18 Bh6 (17... Kg8 18. dxc6+ Kf8 19. Bc5+ Re7 20. cxb7 Bxb7 21. Bxe7+ Kxe7 22. Rh7) (17... Kg8 $2 18. dxc6+ Kf8 19. Bc5+ Re7 20. cxb7 Bxb7 21. Bxe7+ Kxe7 22. Rh7 $18) 18. Rxh6+ Kg7 19. Bd2 b5 (19... Nd7 {is a better defense.} 20. Bd3 c5) 20. Bb3 {[%emt 0:01:47] White is clearly winning.} Bb7 21. Ke2 Rh8 22. Rxh8 Kxh8 23. Ba5 cxd5 24. exd5 Nd7 25. Rc7 Bc8 26. d6 b4 27. Bd5 Rb8 28. Ke1 {[%emt 0:01:14] [#] And now Be6 would win.} Nf8 {[%emt 0:00:57] Against Be6} 29. Bc6 Ne6 30. Re7 b3 31. a3 Nd4 32. d7 Bxd7 33. Bxd7 {[%emt 0:00:07] Bc7 is the strong threat. A strong pair of Bishops.} (33. Rxd7 Nxc6 34. Bc3 Rb5 $16) 33... Nc2+ 34. Kd2 {[%emt 0:00:28] Strongly threatening Bc7.} Nxa3 35. Bc7 ({Weaker is} 35. bxa3 b2 36. Re8+ (36. Bf5 $2 gxf5 37. Re8+ Rxe8 $19) 36... Rxe8 $16) 35... Nc4+ 36. Kc3 Rb7 37. Be6 {[%emt 0:00:06] Black did not feel at home in the position after the opening.  Weighted Error Value: White=0.06 (flawless) /Black=0.60} 1-0

[Event "Germany Countries-chT Youth 2022"]
[Site "Wiesbaden"]
[Date "2022.10.03"]
[Round "5"]
[White "Grossmann, Piet"]
[Black "Weishaeutel, Moritz"]
[Result "0-1"]
[ECO "B22"]
[WhiteElo "1945"]
[BlackElo "2401"]
[Annotator "ChessBase"]
[PlyCount "102"]
[EventDate "2022.09.28"]
[EventType "team-tourn"]
[EventRounds "7"]
[EventCountry "GER"]
[SourceTitle "playchess.com"]
[Source "ChessBase"]
[SourceQuality "1"]
[TimeControl "40/5400+30:1800+30"]

1. e4 c5 2. c3 Nf6 3. e5 Nd5 4. d4 cxd4 5. cxd4 d6 6. Nf3 Nc6 7. Bc4 dxe5 8. Nxe5 e6 9. O-O Bd6 10. Re1 O-O 11. Nc3 Nxc3 12. bxc3 Qc7 13. Bd3 Nxe5 14. dxe5 Be7 15. Qf3 Bd7 16. Bf4 Bc6 17. Qh3 g6 18. Re3 Rfd8 19. Qh6 Bf8 20. Qh4 Qa5 21. Rh3 h5 22. Rc1 Qd5 23. Rg3 Rd7 24. Re1 Bg7 25. h3 Qxa2 26. Bg5 Qa5 27. Bf6 Qxc3 28. Ree3 Rd4 29. Qg5 Qc1+ 30. Kh2 Rxd3 31. Rxd3 Qxg5 32. Rxg5 Bh6 33. h4 Bxg5 34. hxg5 Kf8 35. Rh3 Ke8 36. g4 h4 37. Rxh4 Kd7 38. Rh7 Bd5 39. Rxf7+ Kc6 40. Bg7 a5 41. Rf8 Rxf8 42. Bxf8 b5 43. f4 b4 44. f5 exf5 45. gxf5 gxf5 46. Kg3 Kb5 47. Kf4 Be6 48. Ke3 a4 49. Kd3 a3 50. Kc2 b3+ 51. Kb1 Ka4 0-1

[Event "Germany Countries-chT Youth 2022"]
[Site "Wiesbaden"]
[Date "2022.10.03"]
[Round "5"]
[White "Rudolph, Eva"]
[Black "Yue, Qizhou"]
[Result "0-1"]
[ECO "B01"]
[WhiteElo "1911"]
[BlackElo "1711"]
[Annotator "TA"]
[PlyCount "134"]
[EventDate "2022.09.28"]
[EventType "team-tourn"]
[EventRounds "7"]
[EventCountry "GER"]
[SourceTitle "playchess.com"]
[Source "ChessBase"]
[SourceQuality "1"]
[TimeControl "40/5400+30:1800+30"]

1. e4 d5 2. exd5 Qxd5 3. Nc3 Qd8 4. d4 Nf6 5. Bc4 g6 6. Nf3 {[%emt 0:02:08] B01: Scandinavian Defence.} Bg7 7. Bg5 O-O 8. Qd2 {[%emt 0:07:00] White is slightly better.} a6 9. a4 Nc6 {[%emt 0:02:13] [#]} 10. Rd1 $146 ({Predecessor:} 10. O-O b6 11. Rad1 Bb7 12. d5 Nb4 13. Bxf6 exf6 14. Na2 Nxa2 15. Bxa2 f5 16. c3 {½-½ (49) Rutten,A (2104)-Klasan,V (2298) Veliko Gradiste 2021}) 10... Bg4 11. Be2 Bf5 12. h4 (12. d5 Nb4 13. Nd4) (12. d5 $11 Nb4 13. Nd4) 12... h5 (12... Nb4) 13. d5 Nb4 14. Nd4 Qd7 15. Bf3 (15. O-O) (15. O-O $11) 15... Ng4 $2 (15... Bg4) (15... Bg4 $17 {stays on course.}) 16. Nxf5 $16 Qxf5 17. Ne4 a5 18. c3 (18. Bxe7 Rfe8 19. Qg5 (19. d6 cxd6 20. O-O Rxe7) 19... f6 20. Qxf5 gxf5) (18. Bxe7 $2 Rfe8 19. Qg5 (19. d6 $2 cxd6 20. O-O Rxe7 $19) 19... f6 20. Qxf5 gxf5 $19) 18... Na6 19. O-O (19. Bxe7 $2 Rfe8 20. Qg5 f6 21. Qxf5 gxf5 $19) (19. Ng3 $5 Qd7 20. O-O $11) 19... Ne5 $1 20. Bxe7 (20. Qe3 $11) 20... Nxf3+ (20... Rfe8 21. d6 Qxf3 22. gxf3 Nxf3+ 23. Kg2 Nxd2 24. Nxd2 Nc5) (20... Rfe8 $17 21. d6 Qxf3 $1 22. gxf3 Nxf3+ 23. Kg2 Nxd2 24. Nxd2 Nc5) 21. gxf3 $11 Rfe8 22. d6 $36 {[%emt 0:01:44][%mdl 2048] White is more active.} cxd6 23. Nxd6 Qxf3 24. Nxe8 Qg4+ 25. Kh2 Rxe8 26. Qg5 Qe2 (26... Rxe7 $1 $11 {and Black is okay.} 27. Rd8+ (27. Qxe7 Qf4+ 28. Kg2 Qg4+ 29. Kh1 Qh3+ 30. Kg1 Qg4+ 31. Kh2 Qf4+ 32. Kg2 Qg4+ 33. Kh2 $11) 27... Kh7 28. Qxe7 Qf4+ 29. Kg2 (29. Kg1 Qg4+ 30. Kh2 Qf4+ 31. Kg2 Qg4+ 32. Kh2 $11) 29... Qg4+ 30. Kh1 Qh3+ 31. Kg1 Qg4+ 32. Kh2 Qf4+ 33. Kg2 (33. Kg1 Qg4+ 34. Kh2 $11) 33... Qg4+ 34. Kh2) 27. Bf6 Qxb2 28. Bxg7 Kxg7 29. c4 (29. Qxa5 Re6 30. Qd5) (29. Qxa5 $16 Re6 30. Qd5) 29... Re2 {[%emt 0:01:09][%mdl 1024] Black has compensation.} (29... Re4 $5 ) 30. Qg3 (30. Qxa5 Rxf2+ 31. Rxf2 Qxf2+ 32. Kh3 Qf3+ 33. Kh2 Qxd1) (30. Qf4) (30. Qxa5 $2 Rxf2+ 31. Rxf2 Qxf2+ 32. Kh3 Qf3+ 33. Kh2 Qxd1 $19) (30. Qf4 $11) 30... Nc5 $15 31. Rb1 $2 (31. Rd5 $15 Ne6 32. Kh1 (32. Rxa5 Re4 $17)) 31... Qc2 $2 (31... Qf6 $1 $19 32. Rbe1 Ne4) 32. Rbc1 {[%emt 0:00:21] [#]} (32. Rbe1) (32. Rbe1 $1 $11) 32... Qb2 {[%emt 0:07:41] Black is much more active.} ({And not} 32... Qxa4 33. Rfe1 Rxe1 34. Qc3+ Kh7 35. Rxe1 $15) ({Better is} 32... Qf5 $1 $17 {And now ...Ne4 would win.} 33. Qg5 Qe4) 33. Qc3+ (33. Rb1 $5 Qf6 34. Rbe1 $19) 33... Qxc3 34. Rxc3 Nxa4 $11 {[%emt 0:01:19][%mdl 4096] Endgame KRR-KRN} 35. Ra3 Nb6 36. Rc3 Re4 37. Kg3 $2 (37. Rb1 $15 Nxc4 38. Rxb7) 37... Rg4+ $19 ({Not} 37... Rxc4 38. Rxc4 Nxc4 39. Kf4 $15) 38. Kh3 Rxc4 (38... Nxc4 $19 {Threatens to win with ...b5.} 39. Rb1 b6) 39. Rb3 $15 Nd5 40. Rxb7 Rc3+ 41. Kh2 Nf4 42. f3 Rc2+ 43. Kh1 Ng2 44. Ra7 (44. Rbb1 $15) 44... Nxh4 ({Black should try} 44... Ra2 $17 45. f4 Nxh4) 45. Rxa5 Kf6 (45... Nf5 $5 46. Kg1 Rc3 $15) 46. f4 Nf5 {[%emt 0:04:35] Strongly threatening ...Ng3+.} 47. Ra6+ Kg7 48. Rfa1 $2 (48. Kg1 $11 {and White stays safe.}) 48... Ng3+ 49. Kg1 Ne2+ 50. Kf1 (50. Kf2 $17) 50... Nxf4 $19 51. R6a2 $2 (51. R6a5) 51... Rxa2 52. Rxa2 {[%emt 0:00:00] KR-KN} g5 {[%emt 0:00:46] Hoping for ...f5.} 53. Ra6 f6 (53... h4 $142 54. Ra5 Kg6 55. Ra6+ f6) 54. Kf2 Kg6 (54... h4 $142 55. Ke3 f5) 55. Ra5 h4 {[%emt 0:01:46] ...g4 is the strong threat.} 56. Kf3 Nd3 (56... f5 $142 57. Ra6+ Kf7) 57. Ke4 Ne5 {[%emt 0:00:41] aiming for ...Kh5.} 58. Ra8 g4 59. Kf4 g3 {[%emt 0:02:28] White must now prevent ...Kg7.} 60. Rh8 Kg7 61. Ra8 Ng6+ $2 (61... g2 62. Ra1 Kg6) 62. Kg4 $2 (62. Kf3) 62... Kf7 $2 (62... f5+ $1 $19 63. Kf3 Ne5+ 64. Kg2 f4) 63. Ra6 $2 (63. Ra7+ $11 Ke6 64. Ra6+ Ke7 65. Ra7+ Ke6 66. Ra6+ Kf7 67. Ra7+ Kf8 68. Ra8+ Kg7 69. Ra1) 63... g2 64. Ra1 {[%emt 0:00:08] [#]} f5+ $1 {[%emt 0:00:29] Black mates.} 65. Kh3 Nf4+ 66. Kxh4 Ne2 67. Kg5 Ke6 {What a fight!  Weighted Error Value: White=0.81/Black=0.51} 0-1

[Event "Germany Countries-chT Youth 2022"]
[Site "Wiesbaden"]
[Date "2022.10.03"]
[Round "5"]
[White "Feidt, Jonas"]
[Black "Hecht, Jonas Christian"]
[Result "0-1"]
[ECO "A20"]
[WhiteElo "1908"]
[BlackElo "1852"]
[Annotator "TA"]
[PlyCount "68"]
[EventDate "2022.09.28"]
[EventType "team-tourn"]
[EventRounds "7"]
[EventCountry "GER"]
[TimeControl "40/5400+30:1800+30"]

1. c4 e5 2. g3 Nf6 3. Bg2 d5 4. cxd5 Nxd5 5. Nc3 Nb6 6. Nf3 Nc6 7. O-O Be7 8. a3 O-O 9. b4 Be6 10. d3 a5 11. b5 Nd4 12. Nd2 {[%emt 0:01:49] 12.Rb1 gains popularity.} c6 {[%emt 0:00:27] A29: English Opening: Four Knights Variation with 4 g3.} 13. a4 cxb5 (13... Bb4 14. Bb2 cxb5 15. Nxb5 Nxb5 16. axb5 Bd5) 14. axb5 {[%emt 0:07:24] [#]} (14. Nxb5 Nxb5 15. axb5) (14. Nxb5 $15 Nxb5 15. axb5) 14... Bb4 $146 {[%emt 0:04:28] Black is better.} (14... Rc8 15. Bb2 Bb4 16. Rc1 Qd7 17. e3 Nxb5 18. Nxb5 Qxb5 19. Bxb7 Rxc1 20. Qxc1 Qxd3 21. Nf3 f6 22. Rd1 Qe2 23. Kg2 Nc4 24. Ba1 Nxe3+) ({Predecessor:} 14... Rc8 15. Bb2 Bb4 16. Rc1 Qd7 17. e3 Nxb5 18. Nxb5 Qxb5 19. Bxb7 Rxc1 20. Qxc1 Qxd3 21. Nf3 f6 22. Rd1 Qe2 23. Kg2 Nc4 24. Ba1 Nxe3+ {0-1 (24) Cacas,A-Landes,E (1954) ICCF email 2013}) 15. Bb2 a4 {[%emt 0:14:07] aiming for ...a3. Black is much more active.} 16. Rb1 (16. Bxb7 a3 17. Bxa3 (17. Bxa8 axb2 18. Ra6 Bxc3) 17... Rxa3 18. Rxa3 Bxa3) (16. Bxb7 $2 a3 17. Bxa3 (17. Bxa8 $2 axb2 18. Ra6 Bxc3 $19) 17... Rxa3 18. Rxa3 Bxa3 $19) (16. Na2 $17 Bxd2 17. Bxd4 Qxd4 18. Qxd2) 16... Qe7 (16... a3 17. Ba1 Bxc3 18. Bxc3 Nd5 19. Bxd4 exd4) (16... a3 $19 17. Ba1 Bxc3 18. Bxc3 a2) 17. e3 Nb3 18. Nxb3 Bxb3 19. Qe2 ({White should play} 19. Qf3) 19... Rfc8 20. Rbc1 Qd7 21. Qh5 f6 22. Ne4 (22. Be4) (22. Be4 $17 {was called for.}) 22... a3 (22... Qxb5 23. Qg4 Kh8 24. Ba1) (22... Qxd3 23. Nxf6+ gxf6 24. Qg4+ Kf7 25. Qxb4) ({Stronger than} 22... Qxb5 23. Qg4 Kh8 24. Ba1 $17) (22... Qxd3 23. Nxf6+ $1 gxf6 24. Qg4+ Kf7 25. Qxb4 $11) 23. Ba1 Rxc1 (23... Qxd3 24. Rxc8+ Rxc8 25. Nxf6+ gxf6 26. Qg4+ Kf7 27. Qxb4 $17) (23... Qxb5 24. Nxf6+ gxf6 25. Be4 $15) 24. Rxc1 Rc8 ({Weaker is} 24... Qxd3 25. Nxf6+ gxf6 26. Qg4+ Kh8 27. Qxb4 $14) 25. Rf1 (25. Rxc8+ $17 {only move.} Qxc8 26. Bh3) 25... Qxd3 26. Nxf6+ gxf6 27. Qg4+ {[%emt 0:00:15] [#]} Qg6 $2 (27... Kf7 28. Qxb4 Bc4) (27... Kf7 $1 $19 {Hoping for ...Bc4.} 28. Qxb4 Bc4) 28. Qxb4 $11 Bc4 29. Rc1 a2 $36 {[%emt 0:01:23][%mdl 2048] Black is pushing.} 30. Bxb7 Rc7 31. Bc6 (31. Bg2 $5 ) 31... Qd3 32. Qa5 $2 {[%emt 0:01:58] [#]} (32. Bf3 $11 {and White stays safe.}) 32... Bxb5 $1 $19 {[%emt 0:01:36][%mdl 64] Pin} ({And not} 32... Qb1 33. Qe1 Bd3 34. Rd1 $11) 33. Qxb6 (33. Qxa2+ $19 Kf8 34. Bb2 Rxc6 35. Qa3+ Kf7 36. Qxd3 Rxc1+ 37. Bxc1 Bxd3 38. Ba3) 33... Rxc6 34. Re1 Rxb6 {[%emt 0:00:06] Weighted Error Value: White=0.85/Black=0.29 (precise)} 0-1

[Event "Germany Countries-chT Youth 2022"]
[Site "Wiesbaden"]
[Date "2022.10.03"]
[Round "5"]
[White "Malinowsky, Levi"]
[Black "Basovskiy, Jana"]
[Result "0-1"]
[ECO "B40"]
[WhiteElo "1879"]
[BlackElo "1858"]
[Annotator "COMBH"]
[PlyCount "112"]
[EventDate "2022.09.28"]
[EventType "team-tourn"]
[EventRounds "7"]
[EventCountry "GER"]
[TimeControl "40/5400+30:1800+30"]

1. e4 c5 2. Nf3 e6 3. d3 Nc6 4. g3 Nf6 5. Bg2 Be7 6. O-O d6 7. Re1 O-O 8. c3 e5 9. h3 h6 10. d4 cxd4 11. cxd4 Qb6 12. d5 $1 Nb4 13. a3 Na6 14. Nc3 Bd7 15. b4 Rac8 16. Be3 Qd8 17. Qd3 Qc7 18. Rac1 Qb8 19. Nd2 Nc7 20. f4 exf4 21. gxf4 ({Don't do} 21. Bxf4 Nh5 $11) 21... a6 (21... Rfd8 $16 22. Nc4 Nb5) 22. a4 Na8 23. Bd4 Bd8 24. e5 dxe5 25. fxe5 Nh5 26. e6 fxe6 27. Qg6 Qf4 28. Nf3 Qf5 29. Qxf5 exf5 30. Ne5 Bf6 31. Bc5 Rfd8 32. d6 b6 33. Bxa8 bxc5 34. Bd5+ Kh7 35. Nxd7 Bd4+ $14 ({Black should try} 35... cxb4 $17 36. Ne4 (36. Nxf6+ Nxf6 37. Ne4 fxe4 $17) 36... Bd4+ 37. Kh2 Rxc1 38. Rxc1 fxe4 39. Bxe4+ Kg8) 36. Kh1 cxb4 37. Ne2 Rxc1 38. Rxc1 Rxd7 39. Nxd4 Rxd6 40. Bf3 Rxd4 41. Bxh5 Rh4 42. Bf3 Rxh3+ 43. Kg2 Rh4 44. Bc6 Rd4 45. Rc5 Kg6 46. Ra5 Kg5 47. Rxa6 b3 48. Be8 Rb4 49. Kg3 f4+ 50. Kf3 b2 51. Rg6+ Kh4 52. Rg4+ Kh3 53. Bd7 b1=Q 54. Rg1+ Kh4 55. Rg4+ Kh5 56. Be8+ g6 0-1

[Event "Germany Countries-chT Youth 2022"]
[Site "Wiesbaden"]
[Date "2022.10.03"]
[Round "5"]
[White "Guo, Philipp Ziming"]
[Black "Haug, Mara"]
[Result "1-0"]
[ECO "B39"]
[WhiteElo "1851"]
[BlackElo "1611"]
[Annotator "NA RC COMBH"]
[PlyCount "77"]
[EventDate "2022.09.28"]
[EventType "team-tourn"]
[EventRounds "7"]
[EventCountry "GER"]
[SourceTitle "playchess.com"]
[Source "ChessBase"]
[SourceQuality "1"]
[TimeControl "40/5400+30:1800+30"]

1. e4 c5 2. Nf3 Nc6 3. d4 cxd4 4. Nxd4 g6 5. c4 Bg7 6. Be3 Nf6 7. Nc3 Ng4 8. Qxg4 Nxd4 9. Qd1 e5 10. Bd3 O-O 11. O-O b6 12. Qd2 Bb7 13. Rad1 Re8 14. Bb1 Rc8 15. b3 a6 (15... Bf8 $14) 16. Rfe1 Re7 17. f3 Ne6 18. Rc1 Nc5 (18... Re8 $14 {might be stronger.}) 19. Qf2 d6 20. Red1 a5 21. Bc2 Re6 22. a3 Bf8 23. b4 axb4 24. axb4 Nd7 25. Bb3 Bc6 26. c5 Re8 27. cxd6 b5 28. Qa2 Qf6 29. Qd2 Kh8 $18 (29... h6 {is a better defense.} 30. Bxh6 Bxh6 31. Qxh6 Nf8) 30. Bg5 Qg7 31. Qd3 Rb8 32. Nd5 Rec8 33. Nc7 Rb6 34. Be3 Ba8 35. Bxb6 Nxb6 36. d7 Rd8 37. Qxb5 Nxd7 38. Nxa8 Rxa8 39. Qxd7 1-0